Map: Nightshade LE

Players

MCKILL

  • Race: Terran Terran
  • League: Gold
  • Spawn Location: 5:00

antagomiR - Winner!

  • Race: Protoss Protoss
  • League: Gold
  • Spawn Location: 11:00

VOD

Have the link to the VOD?

Description

Time

  • Played on: April 16, 2020, 5:22 p.m.
  • Length: 5:21
Show
View Real Time Build Order
Export as new Build Order

MCKILL Terran 

Build Orders:  

Get SALT Encoding   

  12  0:03  SCV  
  13  0:15  SCV  
  13  0:20  Supply Depot  
  14  0:27  SCV  
  15  0:41  SCV  
  16  0:54  SCV  
  17  1:06  SCV  
  18  1:18  SCV  
  19  1:30  SCV  
  20  1:51  SCV  
  21  1:57  Barracks x2  
  21  1:58  Barracks  
  21  2:01  Barracks  
  21  2:03  SCV  
  21  2:07  Supply Depot  
  22  2:09  Barracks  
  22  2:15  SCV  
  23  2:22  Barracks  
  23  2:29  SCV  
  24  2:34  Supply Depot  
  24  2:36  Supply Depot  
  24  2:41  SCV  
  24  2:43  Supply Depot  
  25  2:51  Supply Depot  
  25  2:53  SCV  
  26  3:04  Marine  
  26  3:05  Marine, SCV  
  29  3:09  Marine  
  29  3:11  Marine  
  31  3:15  Marine  
  31  3:17  Marine, SCV  
  34  3:22  Marine  
  34  3:23  Marine  
  36  3:27  Marine  
  36  3:29  Marine, SCV  
  36  3:32  Marine  
  40  3:35  Marine  
  41  3:41  SCV  
  41  3:45  Marine x3  
  41  3:47  Marine  
  46  3:53  Marine x2  
  48  4:03  Marine  
  39  4:25  Marine  
  39  4:26  Marine x5  
  39  4:43  Marine x4  
  39  4:44  Marine x2  
  36  5:01  Marine x5  
Show
View Real Time Build Order
Export as new Build Order

antagomiR Protoss - Winner!

Build Orders:  

Get SALT Encoding   

  12  0:01  Probe  
  13  0:13  Probe  
  14  0:17  Pylon  
  14  0:25  Probe  
  15  0:38  Gateway  
  15  0:41  Probe (Chrono Boost)  
  16  0:48  Assimilator  
  16  0:52  Probe (Chrono Boost)  
  17  0:57  Probe (Chrono Boost)  
  18  1:04  Assimilator  
  18  1:08  Probe  
  19  1:20  Probe  
  20  1:32  Probe, Cybernetics Core  
  21  1:35  Pylon  
  21  1:44  Probe  
  22  1:56  Probe  
  23  2:08  Probe (Chrono Boost)  
  23  2:14  Robotics Facility  
  23  2:15  Warp Gate (Chrono Boost), Gateway  
  24  2:17  Gateway  
  24  2:20  Probe (Chrono Boost)  
  24  2:22  Stalker  
  27  2:33  Probe (Chrono Boost)  
  28  2:44  Probe  
  28  2:50  Pylon  
  29  2:52  Stalker  
  31  3:07  Pylon  
  31  3:08  Probe  
  32  3:20  Probe, Stalker x2  
  37  3:27  Immortal  
  37  3:32  Probe  
  42  3:47  Stalker  
  44  3:50  Stalker  
  44  4:20  Stalker  
  43  4:31  Stalker  
  43  4:32  Stalker  
  47  4:40  Pylon  
  47  4:44  Pylon  
  47  4:59  Sentry  
  49  5:16  Stalker  
  49  5:17  Stalker  
Tags
 
League
GoldGold
Matchup
PvT
Replay Pack
20200422
Spawn Locations
Cross Positions
Add a new tag
Caveats
  • Supply blocks, unpowered buildings, or Contaminate may cause inaccurate times.
  • Supply counts are checked every 10 seconds.